 Dungeon Crawl Stone Soup version 0.30-a0-170-g85af917532 (webtiles) character file.

Game seed: 3582950344610776064

263 qw the Chopper (level 6, 0/38 HPs)
             Began as a Gargoyle Fighter on Sept 30, 2022.
             Slain by a gnoll
             ... wielding a +0 flail
             ... led by a gnoll bouda
              (8 damage)
             ... on level 4 of the Dungeon.
             The game lasted 00:00:58 (3798 turns).

qw the Chopper (Gargoyle Fighter)                   Turns: 3798, Time: 00:00:59

Health: 0/38       AC: 12    Str: 21    XL:     6   Next: 19%
Magic:  6/6        EV:  9    Int:  9    God:
Gold:   167        SH:  4    Dex:  9    Spells: 5/5 levels left

rFire   . . .      SeeInvis .    Y - +0 war axe
rCold   . . .      Faith    .    c - +0 buckler
rNeg    + . .      Spirit   .    b - +0 scale mail
rPois   inf        Reflect  .    (no helmet)
rElec   +          Harm     .    m - scarf {repulsion}
rCorr   .          Rampage  .    (no gloves)
Will    .....                    h - +0 pair of boots
Stlth   ..........               (no amulet)
HPRegen 0.12/turn                (no ring)
MPRegen 0.10/turn                (no ring)

@: repel missiles, very slow
A: sickness immunity, AC +4, negative energy resistance 1, electricity
resistance, torment resistance 1, petrification resistance
a: no special abilities


You were on level 4 of the Dungeon.
You visited 1 branch of the dungeon, and saw 4 of its levels.

You collected 167 gold pieces.


Innate Abilities, Weirdness & Mutations

You are immune to sickness and miasma.
Your stone body is resilient. (AC +4)
You are immune to poison.
You resist negative energy. (rN+)
You are resistant to electric shocks. (rElec)
You are resistant to unholy torment.
You are immune to petrification.


   Skills:
 - Level 4.2 Fighting
 - Level 5.0 Axes
 - Level 0.2 Throwing
 - Level 3.2 Armour
 + Level 0.9 Dodging
 - Level 3.2 Shields


You had 5 spell levels left.
You didn't know any spells.
Your spell library was empty.

Inventory:

Hand Weapons
 g - a +0 whip
 Y - a +0 war axe (weapon)
Missiles
 n - 5 boomerangs (quivered)
Armour
 b - a +0 scale mail (worn)
 c - a +0 buckler (worn)
 h - a +0 pair of boots (worn)
 m - a scarf of repulsion (worn)
Jewellery
 i - a ring of ice
Scrolls
 l - a scroll of identify
Potions
 a - 2 potions of curing
 d - a potion of might
 e - a potion of heal wounds
 f - a potion of haste
 j - a potion of flight {unknown}
 k - a potion of lignification

Dungeon Overview and Level Annotations

Branches:
Dungeon (4/15)
 Temple: D:4-7

Altars:


Message History

The giant cockroach splashes around in the water.
The gnoll hits you but does no damage. The gnoll bouda barely misses you.
The gnoll hits you with a +0 whip. The gnoll hits you with a +0 flail.
The giant cockroach splashes around in the water.
The gnoll hits you from afar with a +0 spear.
You closely miss the gnoll.
The gnoll is heavily wounded.
You closely miss the gnoll. You hit the gnoll bouda.
You closely miss the giant cockroach.
The gnoll is no longer moving quickly.
You block the gnoll's attack. The giant cockroach closely misses you.
The gnoll barely misses you.
You hit the gnoll bouda.
The gnoll bouda is almost dead.
You barely miss the gnoll. x2; You barely miss the giant cockroach.
You closely miss the gnoll.
The gnoll is no longer moving quickly.
The giant cockroach splashes around in the water.
The gnoll misses you. The gnoll hits you but does no damage.
The gnoll bouda calls upon its god to heal the gnoll.
The gnoll's wounds heal themselves!
You block the gnoll's attack. The giant cockroach barely misses you.
The gnoll hits you with a +0 flail. The gnoll hits you but does no damage.
You hit the gnoll bouda.
You kill the gnoll bouda!
You hear a splash. x2
You hit the giant cockroach.
You kill the giant cockroach!
You hit the gnoll but do no damage. You hit the gnoll. x2
The gnoll misses you. The gnoll hits you but does no damage.
The gnoll barely misses you.
The gnoll splashes around in the water. x2
Your unstable footing causes you to fumble your attack.
The gnoll splashes around in the water.
The gnoll hits you but does no damage. x2
You block the gnoll's attack.
The gnoll splashes around in the water.
Your unstable footing causes you to fumble your attack.
Your attacks no longer feel as feeble.
The gnoll is no longer moving quickly. x2
The gnoll splashes around in the water.
The gnoll hits you but does no damage. The gnoll hits you with a +0 whip.
The gnoll hits you but does no damage. The gnoll hits you with a +0 whip.
The gnoll hits you with a +0 flail!
You die...

#~~~~~~~# #.....#
#~~~~~~# ##.....+
##+##.~~~~#######......#
......~~~~.<...........#
......~~~~.............#
.....~~~~...............
.....g~~~~~.............
......gg~~..............
.....~~@)~~.........)...
###...g~~~[########'#'#.
###.g~~~~# #.#.##
#~~~~~.# #.#.# #~~~.~.#
#.#.# ###~~~~.# #.#.#
~~~~~~~.# #.#..
~~~~~~~.########.###
~~~~~~~...........#


You could see 4 gnolls and a goblin.

Vanquished Creatures
  A scorpion (D:4)
  A jelly (D:4)
  A gnoll bouda (D:4)
  Natasha (twice) (D:3)
  An adder (D:3)
  6 worms
  5 dart slugs
  6 endoplasms
  4 giant cockroaches
  5 goblins
  7 hobgoblins
  3 quokkas
  3 ball pythons
  3 bats (D:1)
  A frilled lizard (D:1)
  4 kobolds
  7 rats
60 creatures vanquished.

Notes
Turn   | Place    | Note
-------+----------+-------------------------------------------
     0 | D:1      | qw the Gargoyle Fighter began the quest for the Orb.
     0 | D:1      | Reached XP level 1. HP: 14/14 MP: 1/1
     0 | D:1      | 0 ||| qw: Version: 0.2-a-12-gaebbb33
     0 | D:1      | 0 ||| qw: Game counter: 1497
     0 | D:1      | 0 ||| qw: Always use a shield: true
     0 | D:1      | 0 ||| qw: God list: Okawaru
     0 | D:1      | 0 ||| qw: Allow faded altars: false
     0 | D:1      | 0 ||| qw: Do Orc after D:15 true
     0 | D:1      | 0 ||| qw: Do second Lair branch before Depths: true
     0 | D:1      | 0 ||| qw: Lair rune preference: random
     0 | D:1      | 0 ||| qw: Plans: Normal, Zot:1-4, God:TSO, Crypt, Tomb,
                  | Pan, Slime:5, Hells, Abyss, Orb
     0 | D:1      | 0 ||| PLANNING D:1-11
    12 | D:1      | HP: 3/14 [frozen (4)]
    15 | D:1      | Reached skill level 2 in Axes
   423 | D:1      | Reached XP level 2. HP: 19/19 MP: 2/2
   516 | D:1      | 516 ||| Stepping ~*~*~tactically~*~*~ (stealth).
   581 | D:1      | 581 ||| Stepping ~*~*~tactically~*~*~ (stealth).
   655 | D:1      | Reached skill level 3 in Axes
   674 | D:1      | Reached XP level 3. HP: 23/23 MP: 3/3
   728 | D:1      | 728 ||| Stepping ~*~*~tactically~*~*~ (hiding).
   730 | D:1      | 730 ||| Stepping ~*~*~tactically~*~*~ (hiding).
   914 | D:1      | You fall into a shaft and drop 1 floor!
   967 | D:2      | 967 ||| Stepping ~*~*~tactically~*~*~ (hiding).
  1074 | D:2      | 1074 ||| UPGRADING to +0 pair of boots.
  1079 | D:2      | 1079 ||| READING scroll labelled UDYSAGHIEVIO.
  1080 | D:2      | 1080 ||| READING scroll labelled IFIONAA UKHLAIK.
  1081 | D:2      | 1081 ||| DRINKING 3 dark potions.
  1097 | D:1      | Found a faded altar of an unknown god.
  1284 | D:1      | 1284 ||| Stepping ~*~*~tactically~*~*~ (stealth).
  1289 | D:1      | 1289 ||| Stepping ~*~*~tactically~*~*~ (stealth).
  1301 | D:1      | 1301 ||| Stepping ~*~*~tactically~*~*~ (stealth).
  1476 | D:1      | 1476 ||| UPGRADING to scarf of repulsion.
  1481 | D:1      | 1481 ||| READING scroll labelled OSHASTI TIAMY.
  1482 | D:1      | 1482 ||| READING scroll labelled RASSIV KAWK.
  1483 | D:1      | 1483 ||| READING scroll labelled IHATEQ LATU.
  1484 | D:1      | 1484 ||| READING scroll labelled BIUFAU FIFEDOCK.
  1698 | D:2      | Reached XP level 4. HP: 28/28 MP: 4/4
  2234 | D:2      | 2234 ||| READING 4 scrolls of identify.
  2234 | D:2      | 2234 ||| IDENTIFYING fuming inky potion
  2235 | D:2      | 2235 ||| READING 3 scrolls of identify.
  2235 | D:2      | 2235 ||| IDENTIFYING green potion
  2236 | D:2      | 2236 ||| READING 2 scrolls of identify.
  2236 | D:2      | 2236 ||| IDENTIFYING fizzy golden potion
  2237 | D:2      | 2237 ||| DROPPING potion of brilliance.
  2499 | D:3      | Reached skill level 4 in Axes
  2711 | D:3      | Noticed Natasha
  2712 | D:3      | 2712 ||| Stepping ~*~*~tactically~*~*~ (hiding).
  2726 | D:3      | Killed Natasha
  2842 | D:3      | 2842 ||| Stepping ~*~*~tactically~*~*~ (stealth).
  3061 | D:3      | Reached XP level 5. HP: 32/32 MP: 5/5
  3124 | D:3      | 3124 ||| Stepping ~*~*~tactically~*~*~ (stealth).
  3125 | D:3      | Noticed Natasha
  3126 | D:3      | 3126 ||| Stepping ~*~*~tactically~*~*~ (hiding).
  3127 | D:3      | 3127 ||| Stepping ~*~*~tactically~*~*~ (hiding).
  3131 | D:3      | Killed Natasha
  3553 | D:3      | 3553 ||| READING 2 scrolls of identify.
  3553 | D:3      | 3553 ||| IDENTIFYING golden potion
  3654 | D:4      | 3654 ||| Stepping ~*~*~tactically~*~*~ (hiding).
  3679 | D:4      | Reached skill level 5 in Axes
  3693 | D:4      | Reached XP level 6. HP: 28/38 MP: 6/6
  3791 | D:4      | HP: 6/38 [gnoll bouda/+0 whip (10)]
  3792 | D:4      | 3792 ||| DRINKING 2 potions of heal wounds.
  3798 | D:4      | HP: 8/38 [gnoll/+0 whip[a gnoll bouda] (3)]
  3798 | D:4      | Slain by a gnoll

Levels and vault maps discovered:
D:1:      sevenhm_arrival_forest_fort_large_3, layout_basic,
          chequers_ecumenical_altar_simple_redux, minmay_close_crescents
D:2:      layout_basic
D:3:      wander_river, layout_basic, nicolae_wormholes, uniq_natasha
D:4:      layout_basic, serial_rivers, chequers_serial_rivers_micro_d,
          chequers_serial_rivers_room_b, chequers_serial_rivers_room_b,
          chequers_serial_rivers_micro_a, chequers_serial_rivers_room_b,
          chequers_serial_rivers_large_a, serial_shops, shop, uniq_edmund

Skill      XL: |  1  2  3  4  5 |
---------------+----------------+-----
Axes           | 2 3 4 5 |  5.0
Fighting       | 4 |  4.2
Throwing       | |  0.2
Armour         | |  3.2
Dodging        | |  0.9
Shields        | |  3.2

Action                   |  1- 3 |  4- 6 || total
-------------------------+-------+-------++-------
Melee: War axe           |   113 |    67 ||   180
Throw: Boomerang         |       |    24 ||    24
       Javelin           |       |     8 ||     8
  Use: Scroll            |     6 |     4 ||    10
       Potion            |     1 |     1 ||     2
Armor: Scale mail        |    59 |    41 ||   100
Dodge: Dodged            |    32 |    33 ||    65
Block: Buckler           |    23 |    15 ||    38

Table legend:
 A = Non-vault XP
 B = Vault XP
 C = Vault XP percentage of total XP
 D = Non-vault monster count
 E = Vault monster count
 F = Vault count percentage of total count
                 A         B        C        D         E       F
            +---------+---------+-------+---------+---------+-------
      Total |     318 |      58 |  15.4 |      52 |       8 |  13.3
            +---------+---------+-------+---------+---------+-------
        D:1 |      47 |      11 |  19.0 |      26 |       5 |  16.1
        D:2 |      37 |       0 |   0.0 |      13 |       0 |   0.0
        D:3 |      62 |      47 |  43.1 |       8 |       3 |  27.3
        D:4 |     172 |       0 |   0.0 |       5 |       0 |   0.0
            +---------+---------+-------+---------+---------+-------
